 Dungeon Crawl Stone Soup version 0.24.0-1-gfbc8707 (webtiles) character file.

Game seed: 5137600300743214806, levelgen mode: deterministic

499 Buxparty the Poker (level 6, -2/47 HPs)
             Began as a Mummy Fighter on Jan 12, 2020.
             Slain by a bullfrog (6 damage)
             ... on level 4 of the Dungeon.
             The game lasted 00:07:29 (3317 turns).

Buxparty the Poker (Mummy Fighter)                  Turns: 3317, Time: 00:07:29

Health: -2/47      AC:  6    Str: 22    XL:     6   Next: 94%
Magic:  6/6        EV:  9    Int:  7    God:
Gold:   133        SH:  0    Dex: 11    Spells: 5/5 levels left

rFire    x . .     SeeInvis .   a - +1 halberd (freeze)
rCold    + . .     Gourm    .   (shield currently unavailable)
rNeg     + + +     Faith    .   b - +0 scale mail
rPois    ∞         Spirit   .   (no helmet)
rElec    .         Reflect  .   (no cloak)
rCorr    .         Harm     .   (no gloves)
MR       .....                  (no boots)
Stlth    ..........             (no amulet)
HPRegen  0.15/turn              f - ring of positive energy
MPRegen  0.10/turn              (no ring)

@: no status effects
A: no food or potions, fire vulnerability, cold resistance 1, negative energy
resistance 3, torment resistance, unbreathing
a: no special abilities


You were on level 4 of the Dungeon.
You were not hungry.

You visited 1 branch of the dungeon, and saw 4 of its levels.

You collected 133 gold pieces.

Inventory:

Hand Weapons
 a - a +1 halberd of freezing (weapon)
 p - a +0 trident
Missiles
 q - 2 javelins (quivered)
Armour
 b - a +0 scale mail (worn)
 c - a +0 shield
Jewellery
 f - a ring of positive energy (left hand)
Wands
 i - a wand of random effects (18)
Scrolls
 d - 4 scrolls of remove curse {unknown}
 e - a scroll of enchant weapon {unknown}
 g - 2 scrolls of identify {unknown}
 h - 2 scrolls of teleportation {unknown}
 j - a scroll of random uselessness {unknown}
 k - a scroll of noise {unknown}
 l - a scroll of fear {unknown}
 m - a scroll of blinking {unknown}
 n - a scroll of immolation {unknown}
 o - a scroll of fog {unknown}


   Skills:
 - Level 3.0 Fighting
 * Level 5.2 Polearms
 - Level 2.4 Armour
 + Level 4.2 Shields


You had 5 spell levels left.
You didn't know any spells.
Your spell library was empty.

Dungeon Overview and Level Annotations

Branches:
Dungeon (4/15)
 Temple: D:4-7

Altars:

Annotations:
D:3 1 runed translucent door, GenerousPenious's ghost, amateur HuMo


Innate Abilities, Weirdness & Mutations

You do not eat or drink.
Your flesh is vulnerable to fire.
You are immune to poison.
Your flesh is cold resistant. (rC+)
You are immune to negative energy. (rN+++)
You are immune to unholy pain and torment.
You can survive without breathing.


Message History

The orc hits you.
You slash the orc! You freeze the orc.
You kill the orc!
An orc comes into view. It is wielding a +0 dagger.
You closely miss the orc. The orc hits you with a +0 falchion.
You barely miss the orc. The orc hits you with a +0 falchion.
The orc hits you but does no damage.
You barely miss the orc.
The orc priest invokes the aid of Beogh against you.
Beogh smites you! The orc hits you but does no damage.
You are too injured to fight recklessly!
You are too injured to fight recklessly!
The bullfrog hits you! The bullfrog barely misses you.
The orc priest mumbles some strange prayers to Beogh against you.
Beogh smites you!
* * * LOW HITPOINT WARNING * * *
The bullfrog hits you but does no damage.
The bullfrog hits you.
You die...

#.####### #.......#
#.#####.# #.# #.#
#.#####.######
##.#..........#
##....###.####.#
###########.....###.#
####...oo..oF@.........#
#.......########.#######
#.......# #.# .#
#.....#+# #.# #.##
#...o## ##'## ##...#
#...## ##...## #.....
#.o## #.....## ......
#..[Foo8.. #......##
#..... #..##.....
#.......####....#


You could see a bullfrog, an orc priest and 2 orcs.

Vanquished Creatures
  Purgy (D:3)
  A bullfrog zombie (D:2)
  An orc priest (D:3)
  3 orc wizards
  7 gnolls
  7 adders
  A shadow imp (D:3)
  An ooze (D:1)
  2 dart slugs (D:1)
  3 leopard geckos (D:2)
  16 orcs
  A ball python (D:1)
  4 bats
  7 giant cockroaches
  10 goblins
  8 hobgoblins
  3 jackals (D:3)
  2 quokkas (D:2)
  6 frilled lizards
  5 kobolds
  8 rats
97 creatures vanquished.

Notes
Turn   | Place    | Note
-------+----------+-------------------------------------------
     0 | D:1      | Buxparty the Mummy Fighter began the quest for the Orb.
     0 | D:1      | Reached XP level 1. HP: 18/18 MP: 1/1
    34 | D:1      | Reached skill level 2 in Polearms
   149 | D:1      | Reached XP level 2. HP: 20/24 MP: 2/2
   408 | D:1      | Reached XP level 3. HP: 29/29 MP: 3/3
  1010 | D:2      | Reached skill level 3 in Polearms
  1184 | D:2      | Reached XP level 4. HP: 32/35 MP: 4/4
  1675 | D:2      | Reached XP level 5. HP: 40/41 MP: 5/5
  1851 | D:3      | Reached skill level 4 in Polearms
  1961 | D:3      | Noticed GenerousPenious's ghost (amateur HuMo)
  1969 | D:3      | Found a runed translucent door.
  2318 | D:3      | Reached XP level 6. HP: 41/47 MP: 6/6
  2559 | D:3      | Noticed Purgy
  2581 | D:3      | Killed Purgy
  2581 | D:3      | Reached skill level 5 in Polearms
  2860 | D:3      | Found a faded altar of an unknown god.
  3317 | D:4      | Slain by a bullfrog

Levels and vault maps discovered:
D:1:      dpeg_chamrin_arrival_tetris, layout_basic
D:2:      layout_rooms, first_ration, minivault_26
D:3:      layout_loops_ring, chequers_ecumenical_altar_simple,
          hellmonk_ghost_happy_afterlife, grunt_decor_one_mirror, corexii_shack,
          kennysheep_generic_room_15, uniq_purgy
D:4:      layout_loops_corners, kennysheep_mini, led_sif_book,
          minmay_liquid_box, grunt_ministairs_14, kennysheep_slug_shrine

Skill      XL: |  1  2  3  4  5  6 |
---------------+-------------------+-----
Polearms       | 2 3 4 5 |  5.2
Shields        | 3 4 |  4.2
Fighting       | |  3.0
Armour         | |  2.4

Action                   |  1- 3 |  4- 6 || total
-------------------------+-------+-------++-------
Melee: Trident           |   139 |   260 ||   399
       Halberd           |       |    12 ||    12
 Stab: Distracted        |       |     1 ||     1
Armor: Scale mail        |    46 |    91 ||   137
Dodge: Dodged            |    33 |    51 ||    84
Block: Shield            |    53 |   125 ||   178
